 Dungeon Crawl Stone Soup version 0.18.1-48-g4cf74bf (webtiles) character file.

101 Aesthetico the Shooter (level 4, -5/37 HPs)
             Began as a Minotaur Hunter on July 21, 2016.
             Killed by divine providence
             ... invoked by an orc priest
              (16 damage)
             ... on level 3 of the Dungeon.
             The game lasted 00:14:01 (2076 turns).

Aesthetico the Shooter (Minotaur Hunter)            Turns: 2076, Time: 00:14:02

Health: -5/37      AC:  4    Str: 17    XL:     4   Next: 48%
Magic:  3/3        EV:  9    Int:  8    God:
Gold:   75         SH:  0    Dex: 11    Spells: 0 memorised, 3 levels left

rFire  . . .     SeeInvis .     w - +0 mace
rCold  . . .     Gourm    .     c - +1 leather armour
rNeg   . . .     Faith    .     (no shield)
rPois  .         Spirit   .     (helmet restricted)
rElec  .         Dismiss  .     (no cloak)
rCorr  .         Reflect  .     (no gloves)
SustAt .         Harm     .     (no boots)
MR     .....                    (no amulet)
Stlth  +.........               (no ring)
                                b - -3 ring of evasion (curse)

@: not resistant to hostile enchantments, very unstealthy
A: retaliatory headbutt, horns 2
a: no special abilities


You were on level 3 of the Dungeon.
You were not hungry.

You visited 1 branch of the dungeon, and saw 3 of its levels.

You collected 75 gold pieces.

Inventory:

Hand Weapons
 f - a +1 shortbow
 w - a +0 mace (weapon)
Missiles
 d - 30 arrows
 j - 19 poisoned needles
Armour
 c - a +1 leather armour (worn)
Jewellery
 b - a cursed -3 ring of evasion (left hand)
Scrolls
 e - a scroll of fog
 g - a scroll of fear
 h - a scroll of identify {unknown}
 i - 2 scrolls of recharging
Comestibles
 a - 2 bread rations


   Skills:
 + Level 2.8 Fighting
 + Level 0.2 Maces & Flails
 + Level 5.9 Bows
 + Level 0.8 Armour
 + Level 2.6 Dodging
 + Level 0.8 Stealth
 + Level 0.2 Unarmed Combat


You had 3 spell levels left.
You didn't know any spells.

Dungeon Overview and Level Annotations

Branches:
Dungeon (3/15)

Altars:
Kikubaaqudgha


Innate Abilities, Weirdness & Mutations

You reflexively headbutt those who attack you in melee.
You have a pair of horns on your head.


Message History

The ball python moves out of view.
Found a potion of curing.
You see here a potion of curing.
k - a potion of curing The goblin barely misses you.
Drink which item? (? for menu, Esc to quit)
You feel better. The goblin barely misses you.
The giant cockroach bites you but does no damage.
You open the door. The giant cockroach misses you.
The goblin barely misses you. You furiously retaliate!
You headbutt the goblin, but do no damage.
Found 17 gold pieces.
There is an open door here.
The giant cockroach barely misses you.
You barely miss the giant cockroach. The giant cockroach closely misses you.
You barely miss the giant cockroach.
The giant cockroach bites you but does no damage.
The orc priest calls down the wrath of Beogh upon you.
Beogh smites you!
You die...

.# .... .# #.... .##...#
.....## .###+### .......
..#.....# ...##.
..#..$..# ...##.#
##.+..≈..+ ...##.#
#.(#.....#
...##.#####..#..@..#
....#..##..o.###s###
..........#..g.og.#...
.......o###....go......
........###............
##..)g(..##.(...#..S....
..(.............#.......
........#.......#.......
........................


You could see an orc priest, an orc, a giant cockroach, 2 goblins and a ball
python (wandering).

Vanquished Creatures
  Terence (D:2)
  2 adders (D:2)
  An ooze (D:1)
  A giant gecko (D:1)
  2 orcs (D:3)
  2 ball pythons (D:2)
  10 hobgoblins
  6 jackals (D:2)
  7 bats
  A giant newt (D:1)
  7 goblins
  5 kobolds
  5 rats
50 creatures vanquished.

Notes
Turn   | Place    | Note
--------------------------------------------------------------
     0 | D:1      | Aesthetico the Minotaur Hunter began the quest for the Orb.
     0 | D:1      | Reached XP level 1. HP: 18/18 MP: 0/0
    65 | D:1      | Reached XP level 2. HP: 19/25 MP: 1/1
   148 | D:1      | Reached skill level 5 in Bows
  1015 | D:2      | Reached XP level 3. HP: 30/30 MP: 2/2
  1063 | D:2      | Noticed Terence
  1163 | D:2      | Killed Terence
  1313 | D:2      | Found an ancient bone altar of Kikubaaqudgha.
  1335 | D:2      | Reached XP level 4. HP: 37/37 MP: 3/3
  2076 | D:3      | Killed from afar by an orc priest

Skill      XL: |  1  2 |
---------------+-------+-----
Bows           | 5 |  5.9
Fighting       | |  2.8
Maces & Flails | |  0.2
Armour         | |  0.8
Dodging        | |  2.6
Stealth        | |  0.8
Unarmed Combat | |  0.2

Action                   |  1- 3 |  4- 6 || total
-------------------------+-------+-------++-------
Melee: Mace              |     2 |    25 ||    27
       Unarmed           |    50 |       ||    50
       Headbutt          |       |     5 ||     5
 Fire: Shortbow          |    57 |    29 ||    86
  Use: Scroll            |     5 |       ||     5
       Potion            |     1 |     1 ||     2
  Eat: Bread ration      |     1 |       ||     1
       Pizza             |     1 |       ||     1
Armor: Leather armour    |     4 |    16 ||    20
Dodge: Dodged            |    34 |    20 ||    54
